 Dungeon Crawl Stone Soup version 0.16.1-30-g34a7ffa (webtiles) character file.

26740 Miyamura the Fighter (level 13, -13/178 HPs)
             Began as a Yellow Draconian Berserker on June 19, 2015.
             Was a Priest of Trog.
             Mangled by a jiangshi (25 damage)
             ... led by a vampire mage
             ... on level 1 of the Abyss.
             The game lasted 01:27:30 (18528 turns).

Miyamura the Fighter (Yellow Draconian Berserker)  Turns: 18528, Time: 01:27:30

Health: -13/178    AC: 16    Str: 26    XL:     13   Next: 0%
Magic:  0/22       EV: 20    Int:  7    God:    Trog [***...]
Gold:   1398       SH:  0    Dex: 17    Spells: 0 memorised, 12 levels left

rFire  . . .     SeeInvis .       - Unarmed
rCold  . . .     Clarity  .     (armour unavailable)
rNeg   . . .     SustAb   +     (no shield)
rPois  .         Gourm    .     R - +2 hat
rElec  .         Spirit   +     b - +2 cloak
rCorr  +         Warding  .     G - +2 pair of gloves
rMut   .         Stasis   .     (no boots)
MR     ++...                    D - amulet of guardian spirit
Stlth  ..........               y - ring of magical power
                                K - ring of sustain abilities

@: berserking, regenerating, very quick, very resistant to hostile enchantments,
extremely unstealthy
A: spit acid, acid resistance, unfitting armour, agile 1, deterioration 1, spit
poison 1, cold-blooded, AC +8
a: Spit Poison, Spit Acid, Burn Spellbooks, Berserk, Trog's Hand, Renounce
Religion


You were on level 1 of the Abyss.
You worshipped Trog.
Trog was most pleased with you.
You were not hungry.

You visited 4 branches of the dungeon, and saw 17 of its levels.
You visited the Abyss 1 time.

You collected 1398 gold pieces.

Inventory:

Hand weapons
 I - a +0 antimagic morningstar
 L - a +2 trident of venom
 M - a +3 broad axe of electrocution
 O - the +10 arbalest of the Dead {elec, +Fly rElec rPois Str+3 Dex-2}
   (Trog gifted it to you on level 8 of the Dungeon)

   It charges the ammunition it shoots with electricity; occasionally upon a
   hit, such missiles may discharge and cause terrible harm.
   It affects your strength (+3).
   It affects your dexterity (-2).
   It insulates you from electricity.
   It protects you from poison.
   It lets you fly.
Missiles
 n - 7 bolts of flame
 r - 11 poisoned bolts
 Q - 46 bolts
Armour
 b - a +2 cloak (worn)
 x - a +1 buckler
 G - a +2 pair of gloves (worn)
 R - a +2 hat (worn)
Jewellery
 c - an uncursed amulet of clarity
 e - an uncursed ring of flight
 y - a ring of magical power (right hand)
 D - an amulet of guardian spirit (around neck)
 K - a ring of sustain abilities (left hand)
 Y - an uncursed ring of see invisible {unknown}
Magical devices
 d - a wand of paralysis (10)
 m - a wand of slowing (24)
 s - a wand of disintegration (10)
 u - a wand of teleportation (0)
 N - a wand of flame (15)
 P - a wand of disintegration (8)
 T - a wand of slowing (30)
 U - a wand of fire (9)
 V - a wand of random effects (22)
Scrolls
 g - 3 scrolls of remove curse
 o - a scroll of fear
 q - 4 scrolls of magic mapping
 A - 4 scrolls of summoning
 B - a scroll of torment
 E - a scroll of fog
 F - a scroll of amnesia
Potions
 f - 2 potions of magic
 t - 3 potions of brilliance
 v - 3 potions of resistance
 z - a potion of ambrosia
Miscellaneous
 k - a legendary deck of defence {drawn: 2}
Comestibles
 a - 11 bread rations
 h - 10 meat rations
 l - 3 beef jerkies
 C - 5 slices of pizza
 S - 7 fruits


   Skills:
 + Level 12.3 Fighting
 - Level 4.8(4.9) Axes
 - Level 1.4(3.3) Polearms
 * Level 8.3 Crossbows
 + Level 10.7 Dodging
 - Level 8.0 Stealth
 - Level 9.1 Unarmed Combat


You had 12 spell levels left.
You didn't know any spells.

Dungeon Overview and Level Annotations

Branches:
Dungeon (10/15)            Temple (1/1) D:4            Lair (3/8) D:8
  Snake (0/5) Lair:3          Orc (3/4) D:10
  Swamp: Lair:3-6    Shoals: Lair:3-6       Elf: Orc:3-4

Altars:
Ashenzari
Cheibriados
Dithmenos
Elyvilon
Fedhas
Gozag
Kikubaaqudgha
Makhleb
Nemelex Xobeh
Okawaru
Qazlal
Ru
Sif Muna
Trog
Vehumet
Xom
Yredelemnul
Zin
The Shining One

Shops:
D:9 [   D:10 (

Annotations:
Lair:3 emiel's ghost, powerful NaGl
Orc:2 Sonja


Innate Abilities, Weirdness & Mutations

You can spit globs of acid.
You can corrode armour when you spit acid.
You are resistant to acid.
Your golden yellow scales are hard (AC +8).
Your body does not fit into most forms of armour.
Your cold-blooded metabolism reacts poorly to cold.
You are agile. (Dex +2)
Your body is slowly deteriorating.
You can spit poison.


Message History

The jiangshi barely misses you.
You hear some strange, mumbled words.
The bolt of negative energy misses you.
You are too berserk!
You miss something. You punch something. The jiangshi misses you.
The jiangshi claws you!!
* * * LOW HITPOINT WARNING * * *
The jiangshi draws strength from your injuries!
You hit something. You tail-slap something! The jiangshi claws you.
* * * LOW HITPOINT WARNING * * *
The jiangshi draws strength from your injuries!
The jiangshi completely misses you. Something barely misses you.
Something bites you.
* * * LOW HITPOINT WARNING * * *
Something draws strength from your injuries!
You punch something! The jiangshi misses you. The jiangshi claws you.
* * * LOW HITPOINT WARNING * * *
The jiangshi draws strength from your injuries!
The jiangshi claws you!!
You die...

. #####
#
#@#V#.#
#.VZ.#
.
####..#
##.###
# ##.#
#.#. .
. .. .
. # ...
# . ..#


You could see a jiangshi and a titan skeleton.

Vanquished Creatures
  Gastronok (Lair:1)
  Josephine (Orc:1)
  The ghost of Jb9000 the Blocker, a powerful HuFi of Qazlal (Lair:1)
  A dancing weapon (Abyss:1)
  The ghost of emiel the Grappler, an experienced NaMo of Okawaru (D:6)
  A wretched star (Abyss:1)
  An unseen horror (shapeshifter) (Abyss:1)
  5 hill giants (D:10)
  Pikel (D:6)
  An ugly thing (D:8)
  A worldbinder (Abyss:1)
  An orange demon (Abyss:1)
  2 komodo dragons
  2 tormentors (Abyss:1)
  2 trolls
  The ghost of heinrich the Gusty, an experienced TeAE (D:5)
  Grinder (D:3)
  12 blink frogs
  A basilisk (Lair:2)
  A golden eye (Abyss:1)
  11 yaks
  A spriggan (D:8)
  A shadow (Abyss:1)
  A ynoxinul (Abyss:1)
  A fire bat (Abyss:1)
  3 hungry ghosts
  6 hippogriffs
  3 wraiths
  3 large abominations (Abyss:1)
  A chaos spawn (Abyss:1)
  A neqoxec (Abyss:1)
  5 wolves (Lair:1)
  A slave (D:6)
  4 sky beasts
  14 orc warriors
  4 porcupines
  2 small abominations (Abyss:1)
  A black bear (D:8)
  2 phantoms (D:10)
  3 ice beasts
  8 crocodiles
  5 ogres
  3 centaurs
  A gnoll sergeant (D:9)
  2 big kobolds
  A wyvern zombie (D:10)
  11 giant frogs
  4 jellies
  A scorpion (D:10)
  3 killer bees (D:9)
  8 wights
  2 electric eels (Lair:1)
  3 crimson imps
  2 quasits
  A centaur zombie (D:9)
  An iron imp (Abyss:1)
  19 orc priests
  4 iguanas
  8 worker ants
  11 hounds
  11 orc wizards
  Ijyb (D:3)
  Jessica (D:3)
  Terence (D:2)
  A worker ant zombie (D:5)
  17 adders
  21 gnolls
  12 river rats
  3 shadow imps
  2 giant mites
  4 worms
  An ufetubus (Abyss:1)
  An adder skeleton (D:4)
  6 giant geckos
  2 oozes
  108 orcs
  A ball python (D:4)
  19 bats
  4 giant cockroaches
  15 goblins
  18 hobgoblins
  8 jackals
  30 kobolds
  5 quokkas
  A ball python zombie (D:2)
  6 giant newts
  A goblin zombie (D:5)
  A quokka zombie (D:2)
  18 rats
  4 ballistomycetes (D:6)
  A fungus (D:8)
  A plant (D:8)
529 creatures vanquished.

Vanquished Creatures (collateral kills)
  Erolcha (Orc:1)
  A phantom (D:9)
  A necrophage (D:9)
  6 orcs (Orc:1)
9 creatures vanquished.

Vanquished Creatures (others)
  A giant spore (D:6)
  A goblin (D:6)
  A plant (D:1)
3 creatures vanquished.

Grand Total: 541 creatures vanquished

Notes
Turn   | Place    | Note
--------------------------------------------------------------
     0 | D:1      | Miyamura, the Draconian Berserker, began the quest for the Orb.
     0 | D:1      | Reached XP level 1. HP: 19/19 MP: 1/1
   484 | D:1      | Reached XP level 2. HP: 26/26 MP: 2/2
  1093 | D:2      | Reached XP level 3. HP: 31/31 MP: 3/3
  1227 | D:2      | Reached skill level 1 in Stealth
  1425 | D:2      | Acquired Trog's second power
  1611 | D:2      | Found a blossoming altar of Fedhas.
  1611 | D:2      | Found a burning altar of Makhleb.
  1739 | D:2      | Reached skill level 4 in Fighting
  1839 | D:2      | Reached XP level 4. HP: 30/40 MP: 4/4
  2364 | D:3      | Noticed Jessica
  2420 | D:3      | Killed Jessica
  2521 | D:3      | Noticed Terence
  2577 | D:2      | Killed Terence
  2634 | D:3      | Reached XP level 5. HP: 37/47 MP: 5/5
  2681 | D:3      | Noticed Grinder
  2699 | D:3      | Killed Grinder
  2699 | D:3      | Reached skill level 5 in Fighting
  2699 | D:3      | Reached XP level 6. HP: 50/56 MP: 6/6
  2965 | D:3      | Noticed an ice beast
  2979 | D:3      | Killed an ice beast
  3449 | D:3      | Noticed Ijyb
  3470 | D:3      | Killed Ijyb
  3470 | D:3      | Your scales start taking on a golden yellow colour.
  3470 | D:3      | Reached XP level 7. HP: 58/61 MP: 7/7
  3799 | D:4      | Reached skill level 5 in Unarmed Combat
  4044 | D:4      | Reached skill level 6 in Fighting
  4172 | D:4      | Found a bloodstained altar of Trog.
  4177 | D:4      | Found a stormy altar of Qazlal.
  4178 | D:4      | Found a basalt altar of Yredelemnul.
  4558 | D:4      | Reached skill level 5 in Dodging
  4716 | D:4      | Found a staircase to the Ecumenical Temple.
  4731 | Temple   | Entered the Ecumenical Temple
  5091 | D:5      | Entered Level 5 of the Dungeon
  5128 | D:5      | Reached XP level 8. HP: 70/70 MP: 8/8
  5468 | D:5      | Noticed heinrich's ghost (experienced TeAE)
  5478 | D:5      | Killed heinrich's ghost
  5899 | D:5      | Acquired Trog's third power
  6460 | D:5      | Reached skill level 7 in Fighting
  6460 | D:5      | Reached skill level 5 in Stealth
  6464 | D:5      | Gained mutation: You can spit poison. [mutagenic meat]
  6465 | D:5      | Gained mutation: You are agile. (Dex +2) [mutagenic meat]
  6971 | D:6      | Noticed Pikel
  7013 | D:6      | Killed Pikel
  7013 | D:6      | Reached XP level 9. HP: 79/79 MP: 9/9
  7107 | D:6      | Noticed emiel's ghost (experienced NaMo)
  7123 | D:6      | Killed emiel's ghost
  7123 | D:6      | Reached skill level 8 in Fighting
  7396 | D:7      | Found an iron altar of Okawaru.
  8581 | D:8      | Found a staircase to the Lair.
  8583 | D:8      | Noticed a white ugly thing
  8618 | D:8      | Killed a white ugly thing
  8646 | D:8      | Reached XP level 10. HP: 84/90 MP: 10/10
  8910 | D:8      | Reached skill level 9 in Fighting
  9148 | D:8      | Received a gift from Trog
  9165 | D:8      | Found a snail-covered altar of Cheibriados.
  9165 | D:8      | Found a glowing golden altar of the Shining One.
  9429 | D:9      | Found Ofej's Armour Shoppe.
 10464 | D:10     | Entered Level 10 of the Dungeon
 10585 | D:10     | Reached skill level 10 in Fighting
 10585 | D:10     | Reached skill level 1 in Polearms
 10589 | D:10     | Found a staircase to the Orcish Mines.
 10602 | D:10     | Noticed a hill giant
 10682 | D:10     | Reached XP level 11. HP: 99/99 MP: 11/11
 10720 | D:10     | Received a gift from Trog
 10767 | D:10     | Killed a hill giant
 10767 | D:10     | Reached skill level 1 in Axes
 10961 | D:10     | Noticed a hill giant
 10976 | D:10     | Killed a hill giant
 10977 | D:10     | Found Xuaraa's Antique Weapon Shoppe.
 11046 | D:10     | Noticed a hill giant
 11078 | D:10     | Killed a hill giant
 11243 | D:10     | Noticed a hill giant
 11254 | D:10     | Killed a hill giant
 11384 | D:10     | Noticed a hill giant
 11394 | D:10     | Killed a hill giant
 11795 | D:8      | Got a smoking arbalest {god gift}
 11796 | D:8      | Identified the +10 arbalest of the Dead {elec, +Fly rElec rPois Str+3 Dex-2} (Trog gifted it to you on level 8 of the Dungeon)
 12114 | Lair:1   | Entered Level 1 of the Lair of Beasts
 12123 | Lair:1   | Reached skill level 1 in Crossbows
 12231 | Lair:1   | Noticed Gastronok
 12247 | Lair:1   | Killed Gastronok
 12436 | Lair:1   | Reached skill level 11 in Fighting
 12645 | Lair:1   | Noticed Jb9000's ghost (powerful HuFi)
 12679 | Lair:1   | Killed Jb9000's ghost
 12679 | Lair:1   | Reached XP level 12. HP: 110/110 MP: 12/12
 13127 | Lair:2   | Received a gift from Trog
 13408 | Lair:2   | Reached skill level 5 in Crossbows
 13651 | Lair:2   | Identified a +2 rod of shadows (9/9) (You found it on level 2 of the Lair of Beasts)
 13921 | Lair:3   | Reached skill level 10 in Dodging
 14002 | Lair:3   | Noticed emiel's ghost (powerful NaGl)
 14116 | Lair:3   | Found a staircase to the Snake Pit.
 14925 | Orc:1    | Entered Level 1 of the Orcish Mines
 15675 | Orc:2    | Noticed Sonja
 15677 | Orc:2    | Noticed Erolcha
 16016 | Orc:2    | Noticed Josephine
 16030 | Orc:1    | Received a gift from Trog
 16047 | Orc:1    | Killed Erolcha
 16325 | Orc:1    | Killed Josephine
 17624 | Orc:3    | Cast into the Abyss (orc)
 17624 | Abyss:1  | Found a corrupted altar of Lugonu.
 17879 | Abyss:1  | Reached skill level 12 in Fighting
 17942 | Abyss:1  | Noticed a tentacled starspawn
 18086 | Abyss:1  | Noticed a lich
 18199 | Abyss:1  | Gained mutation: Your body is slowly deteriorating. [a neqoxec]
 18457 | Abyss:1  | Reached XP level 13. HP: 27/119 MP: 4/13
 18528 | Abyss:1  | Mangled by a jiangshi

Action                   |  1- 3 |  4- 6 |  7- 9 | 10-12 | 13-15 || total
-------------------------+-------+-------+-------+-------+-------++-------
Melee: Unarmed           |   168 |   164 |   468 |  1526 |    13 ||  2339
       Trident           |       |       |       |    62 |       ||    62
       Broad axe         |       |       |       |     7 |       ||     7
 Fire: Arbalest          |       |       |       |    16 |       ||    16
Invok: Berserk           |     4 |     6 |    10 |    37 |     1 ||    58
       Trog's Hand       |       |     8 |     3 |    46 |     3 ||    60
       Brothers in Arms  |       |       |       |     4 |       ||     4
 Abil: Spit Acid         |       |       |     2 |       |       ||     2
       Evoke Flight      |       |       |       |     2 |       ||     2
Evoke: Deck              |       |       |       |     2 |       ||     2
       Wand              |       |       |       |     1 |       ||     1
  Use: Scroll            |     5 |     3 |    12 |    19 |     3 ||    42
       Potion            |     1 |     3 |       |    10 |       ||    14
 Stab: Sleeping          |       |     1 |    12 |    16 |       ||    29
       Distracted        |       |       |     1 |       |       ||     1
  Eat: Chunk             |     6 |     9 |    29 |    61 |     2 ||   107
       Bread ration      |       |     1 |       |       |       ||     1
       Pizza             |       |       |       |     5 |       ||     5
       Beef jerky        |       |       |       |     4 |       ||     4
       Meat ration       |       |       |       |     1 |       ||     1
